 Dungeon Crawl Stone Soup version 0.20.0-9-g8272e65 (webtiles) character file.

34099 Manul the Unseen (level 13, -5/81 HPs)
             Began as an Octopode Assassin on June 1, 2017.
             Was an Initiate of Gozag.
             Slain by an orc knight
             ... wielding a +0 halberd
              (33 damage)
             ... on level 1 of the Orcish Mines on June 2, 2017.
             The game lasted 00:44:39 (27167 turns).

Manul the Unseen (Octopode Assassin)               Turns: 27167, Time: 00:44:40

Health: -5/81      AC:  5    Str:  8 (9)  XL:     13   Next: 75%
Magic:  17/17      EV: 20    Int: 12 (13) God:    Gozag
Gold:   359        SH: 11    Dex: 15 (18) Spells: 12/12 levels left

rFire    + . .     SeeInvis .   a - +3 dagger (flame)
rCold    . . .     Gourm    .   C - +0 shield {reflect}
rNeg     . . .     Faith    .   J - +2 hat
rPois    .         Spirit   .   m - amulet of rage
rElec    .         Reflect  +   j - ring of protection from magic
rCorr    .         Harm     .   x - ring of protection from fire
MR       +....                  H - ring of ice
Stlth    ++++++++..             p - ring of fire
Regen    0.3/turn               U - +2 ring of evasion
MPRegen  0.2/turn               M - ring of stealth
                                (no ring)
                                (no ring)

@: no status effects
A: almost no armour, stealthy swim, amphibious, 8 rings, constrict 8, iridescent
scales 1, camouflage 1, frail 1, weak 1, gelatinous body 1, no potion heal 1
a: Potion Petition, Call Merchant, Bribe Branch, Renounce Religion, Evoke
Berserk Rage


You were on level 1 of the Orcish Mines.
You worshipped Gozag.
Gozag was aware of your devotion.
You were not hungry.

You visited 3 branches of the dungeon, and saw 15 of its levels.

You collected 4726 gold pieces.
You spent 1462 gold pieces at shops.
You paid 2905 gold pieces to Gozag.

Inventory:

Hand Weapons
 a - a +3 dagger of flaming (weapon)
 d - a +2 dagger of draining
 r - a +3 blowgun
 I - a +0 dagger of electrocution
Missiles
 c - 47 poisoned needles
 T - 10 curare-tipped needles
Armour
 C - a +0 shield of reflection (worn)
 J - a +2 hat (worn)
Jewellery
 f - an uncursed amulet of regeneration
 j - a ring of protection from magic (left tentacle)
 m - an amulet of rage (around mantle)
 p - a ring of fire (on tentacle)
 x - a ring of protection from fire (right tentacle)
 H - a ring of ice (on tentacle)
 M - a ring of stealth (on tentacle)
 U - a +2 ring of evasion (on tentacle)
Wands
 o - a wand of random effects (0/48)
 w - a wand of disintegration (0/24)
 A - a wand of random effects (0/48)
 B - a wand of iceblast (0/15)
 D - a wand of flame (24/48)
 E - a wand of clouds (0/9)
 G - a wand of lightning (0/15)
 Q - a wand of polymorph (14/24)
Scrolls
 y - 2 scrolls of amnesia
 F - 4 scrolls of remove curse
 K - a scroll of magic mapping
 O - 3 scrolls of identify
Potions
 e - 4 potions of curing
 h - 3 potions of brilliance
 i - a potion of lignification
 s - a potion of agility
 u - 2 potions of heal wounds
Books
 k - a book of Unlife

   Spells                             Type                      Level
   a - Recall                         Summoning/Translocation      3
   b - Animate Dead                   Necromancy                   4
   c - Control Undead                 Necromancy                   4
   d - Cigotuvi's Embrace             Necromancy                   5
   e - Death Channel                  Necromancy                   6
   f - Simulacrum                     Ice/Necromancy               6
Miscellaneous
 R - a phial of floods (inert)
Comestibles
 b - 6 meat rations
 n - 2 bread rations
 q - 3 royal jellies
 t - a fruit


   Skills:
 + Level 9.4 Fighting
 + Level 10.3 Short Blades
 - Level 3.0 Throwing
 + Level 9.2 Dodging
 + Level 16.8 Stealth
 * Level 9.6 Shields
 + Level 6.3 Evocations


You had 12 spell levels left.
You didn't know any spells.

Dungeon Overview and Level Annotations

Branches:
Dungeon (12/15)            Temple (0/1) D:5            Lair (1/6) D:8
    Orc (2/2) D:9             Elf (0/3) Orc:2

Altars:
Elyvilon
Fedhas
Gozag
Okawaru
Ru
Sif Muna
Uskayaw
Vehumet
Beogh

Shops:
D:9 %**   D:10 (}   D:11 =   Orc:1 :(?:[   Orc:2 =}*

Annotations:
Orc:2 DasRunzen's ghost, journeyman DsAK


Innate Abilities, Weirdness & Mutations

You cannot wear most types of armour.
You are very stealthy in the water. (Stealth+)
You are amphibious.
You can wear up to eight rings at the same time.
You can use your tentacles to constrict eight enemies at once.
Your skin changes colour to match your surroundings (Stealth+).
Your rubbery body absorbs attacks. (AC +1, EV +1)
You are partially covered in iridescent scales. (AC +2)
You are frail. (-10% HP)
You are weak. (Str -2)
Potions are less effective at restoring your health.


Message History

Okay, then.
Okay, then.
Evoke which item? (* to show all) (? for menu, Esc to quit)
Okay, then.
Okay, then.
Okay, then.
The orc warlord roars a battlecry!
The ogre barely misses you. The warg bites you!
The orc warrior shouts!
The orc priest mumbles some strange prayers to Beogh against you.
Beogh smites you!
The orc wizard shouts!
You hear a shout!
The orc shouts!
An orc warrior comes into view. It is wielding a hand axe.
Your system partially rejects the healing.
You feel much better. You block the warg's attack.
The orc priest hits you with a morningstar!!
The orc knight hits you from afar with a halberd!!
You die...
Your body crumbles into a pile of gold.

...................#
#.........##.......#
##.........#.....###
##.##....##....##
####........#.#
##......####
#...#....#######
##.##.o....##..##
###o.oo#...o@O...#
##..ooo.#...o.h∩.##
#.....ooo#..oO..##
#.....#o####ooo..#
####.........ooh...##
#.#............o#.##
##.#[[#.#.......###
...#.).##......##
....#.###......##


You could see 2 orc warlords, an orc knight, 2 wargs, 4 orc warriors, 2 ogres,
an orc priest, an orc wizard and 3 orcs.

Vanquished Creatures
  Donald (Orc:2)
  An orc warlord (Orc:1)
  Snorg (D:11)
  6 two-headed ogres
  Urug (Orc:1)
  2 orc high priests (Orc:1)
  Sonja (Orc:2)
  An unseen horror (D:10)
  9 orc knights
  3 manticores
  2 orc sorcerers
  A black mamba (D:8)
  Psyche (D:10)
  6 trolls
  A hornet (D:9)
  A hippogriff (D:11)
  12 yaks
  3 wyverns
  Sigmund (D:2)
  A basilisk (D:11)
  2 hungry ghosts
  3 vampire mosquitoes (D:12)
  A steam dragon (D:8)
  Menkaure (D:6)
  10 wargs
  The ghost of Turtleman12345 the Magician, an amateur DEWz of Makhleb (D:3)
  A porcupine (D:8)
  A black bear (D:6)
  4 ice beasts
  43 orc warriors
  2 phantoms
  3 sky beasts
  12 ogres
  13 centaurs
  2 big kobolds
  9 bullfrogs
  A gnoll sergeant (D:8)
  7 scorpions
  A wyvern skeleton (D:7)
  12 killer bees
  An electric eel (D:8)
  6 crimson imps
  8 howler monkeys
  2 quasits
  4 jellies
  11 orc priests
  A centaur skeleton (D:10)
  3 hounds
  24 orc wizards
  A bullfrog skeleton (D:12)
  Jessica (D:3)
  5 iguanas
  Natasha (thrice) (D:2 D:4)
  9 worker ants
  A hound zombie (D:9)
  A hound skeleton (D:7)
  7 gnolls
  6 adders
  2 shadow imps
  2 adder skeletons (D:9)
  2 worms
  3 dart slugs
  8 leopard geckos
  112 orcs
  7 bats
  3 giant cockroaches
  6 goblins
  10 hobgoblins
  3 jackals
  6 quokkas
  A ball python (D:3)
  5 frilled lizards
  A jackal skeleton (D:6)
  21 kobolds
  A leopard gecko zombie (D:6)
  5 rats
476 creatures vanquished.

Vanquished Creatures (others)
  An orc warrior (Orc:2)
  A bullfrog (D:8)
  A jackal (D:8)
  A quokka skeleton (D:8)
4 creatures vanquished.

Grand Total: 480 creatures vanquished

Notes
Turn   | Place    | Note
-------+----------+-------------------------------------------
     0 | D:1      | Manul the Octopode Assassin began the quest for the Orb.
     0 | D:1      | Reached XP level 1. HP: 14/14 MP: 1/1
   536 | D:1      | Reached XP level 2. HP: 19/19 MP: 2/2
   773 | D:1      | Reached skill level 6 in Stealth
   936 | D:2      | Reached XP level 3. HP: 24/24 MP: 3/3
  1029 | D:2      | Noticed Natasha
  1032 | D:2      | Killed Natasha
  1508 | D:2      | Reached skill level 7 in Stealth
  1508 | D:2      | Reached XP level 4. HP: 15/29 MP: 4/4
  1832 | D:2      | Noticed Sigmund
  1842 | D:2      | Killed Sigmund
  1842 | D:2      | Reached skill level 8 in Stealth
  1842 | D:2      | Reached XP level 5. HP: 20/35 MP: 5/5
  2158 | D:2      | Reached XP level 6. HP: 37/41 MP: 6/6
  3308 | D:3      | Noticed Turtleman12345's ghost (amateur DEWz)
  3791 | D:3      | Found an opulent altar of Gozag.
  3866 | D:3      | Became a worshipper of Gozag Ym Sagoz the Greedy
  3922 | D:3      | Noticed Jessica
  3929 | D:3      | Killed Jessica
  4061 | D:4      | Noticed Natasha
  4072 | D:4      | Killed Natasha
  4134 | D:4      | Noticed Natasha
  4425 | D:3      | Killed Turtleman12345's ghost
  4425 | D:3      | Reached skill level 9 in Stealth
  4425 | D:3      | Reached XP level 7. HP: 46/46 MP: 7/7
  4882 | D:4      | Killed Natasha
  4890 | D:5      | Entered Level 5 of the Dungeon
  5561 | D:5      | Found a staircase to the Ecumenical Temple.
  5724 | D:5      | Reached skill level 1 in Evocations
  5724 | D:5      | Reached XP level 8. HP: 28/54 MP: 8/8
  5905 | D:6      | Found a blossoming altar of Fedhas.
  5954 | D:6      | Noticed Menkaure
  5965 | D:6      | Reached skill level 5 in Short Blades
  5981 | D:6      | Killed Menkaure
  5981 | D:6      | Reached skill level 10 in Stealth
  6038 | D:6      | HP: 1/54 [ice beast (7)]
  6875 | D:6      | Reached skill level 11 in Stealth
  7227 | D:7      | Found a sacrificial altar of Ru.
  7230 | D:7      | Reached skill level 5 in Fighting
  7645 | D:7      | Reached XP level 9. HP: 51/61 MP: 10/10
  8669 | D:8      | Reached skill level 12 in Stealth
  9043 | D:8      | Found a staircase to the Lair.
  9266 | D:8      | Found a radiant altar of Vehumet.
  9309 | D:8      | Found an iron altar of Okawaru.
 10039 | D:8      | Found a hide-covered altar of Uskayaw.
 10226 | D:9      | Noticed a two-headed ogre
 10279 | D:9      | Noticed a two-headed ogre
 10892 | D:9      | Killed a two-headed ogre
 10892 | D:9      | Reached skill level 13 in Stealth
 10892 | D:9      | Reached XP level 10. HP: 46/69 MP: 11/11
 11198 | D:9      | Found Engyompu's Assorted Antiques.
 11217 | D:9      | Bought a shiny bone ring for 110 gold pieces
 11335 | D:9      | Found a white marble altar of Elyvilon.
 11345 | D:9      | Noticed a two-headed ogre
 11354 | D:9      | Killed a two-headed ogre
 11354 | D:9      | Reached skill level 5 in Dodging
 11354 | D:9      | Reached skill level 1 in Shields
 11367 | D:9      | Found Ocwen's General Store.
 11836 | D:9      | Found a staircase to the Orcish Mines.
 12022 | D:9      | Found an opulent altar of Gozag.
 12182 | D:9      | Reached skill level 14 in Stealth
 12230 | D:10     | Entered Level 10 of the Dungeon
 12388 | D:10     | Noticed a two-headed ogre
 12442 | D:10     | Killed a two-headed ogre
 12514 | D:10     | Noticed a manticore
 12521 | D:10     | Killed a manticore
 12521 | D:10     | Reached XP level 11. HP: 75/75 MP: 12/12
 12663 | D:10     | Found Sipucega's Gadget Emporium.
 13467 | D:10     | Noticed Psyche
 13673 | D:10     | Killed an unseen horror
 13693 | D:10     | Killed Psyche
 13739 | D:10     | Found a deep blue altar of Sif Muna.
 14137 | D:11     | Noticed a two-headed ogre
 14141 | D:11     | Killed a two-headed ogre
 14150 | D:11     | Noticed a two-headed ogre
 14151 | D:11     | Noticed Snorg
 14154 | D:11     | Reached skill level 15 in Stealth
 14172 | D:11     | Noticed a two-headed ogre
 14548 | Orc:1    | Entered Level 1 of the Orcish Mines
 14557 | D:9      | Upgraded the game from 0.20.0-8-g6b59dc7 to 0.20.0-9-g8272e65
 15538 | D:9      | Bought a scroll of blinking for 90 gold pieces
 15538 | D:9      | Bought a scroll of teleportation for 36 gold pieces
 15658 | D:11     | Killed a two-headed ogre
 15658 | D:11     | Reached skill level 5 in Shields
 15893 | D:11     | Killed Snorg
 15970 | D:11     | Noticed a manticore
 15995 | D:11     | Killed a manticore
 16450 | D:11     | Reached XP level 12. HP: 81/83 MP: 14/14
 16693 | D:11     | Killed a two-headed ogre
 18011 | D:11     | Bought an uncursed ring of stealth for 280 gold pieces
 18120 | Lair:1   | Entered Level 1 of the Lair of Beasts
 18828 | D:9      | Bought a potion of invisibility for 96 gold pieces
 19326 | Orc:1    | Found Lureicefusk's Weapon Boutique.
 19357 | Orc:1    | Found Timeecir's Book Boutique.
 19370 | Orc:1    | Noticed an orc high priest
 19381 | Orc:1    | Found Inoich's Book Shoppe.
 19393 | Orc:1    | Noticed Urug
 19549 | Orc:1    | Found Imepa's Magic Scroll Shop.
 19552 | Orc:1    | Bought a scroll of teleportation for 45 gold pieces
 19597 | Orc:2    | Entered Level 2 of the Orcish Mines
 19597 | Orc:2    | Noticed Donald
 19601 | Orc:2    | Killed Donald
 19601 | Orc:2    | Reached skill level 16 in Stealth
 19734 | Orc:2    | Noticed Sonja
 19749 | Orc:2    | Noticed DasRunzen's ghost (journeyman DsAK)
 20442 | Orc:1    | Killed Urug
 20442 | Orc:1    | Reached skill level 10 in Short Blades
 20465 | D:9      | Bought a meat ration for 70 gold pieces
 20465 | D:9      | Bought a meat ration for 70 gold pieces
 20465 | D:9      | Bought a meat ration for 70 gold pieces
 20465 | D:9      | Bought a meat ration for 70 gold pieces
 20642 | Orc:1    | Noticed a soul eater
 20888 | Orc:1    | Killed an orc high priest
 21280 | Orc:1    | Found Methuqor's Antique Armour Emporium.
 21336 | Orc:1    | Reached skill level 5 in Evocations
 21791 | Orc:1    | Noticed an orc high priest
 21806 | Orc:1    | Killed an orc high priest
 21806 | Orc:1    | Reached XP level 13. HP: 73/90 MP: 16/16
 22579 | Orc:2    | Noticed an orc warlord
 22973 | Orc:1    | Killed an orc warlord
 24487 | Orc:2    | Found a staircase to the Elven Halls.
 24556 | Orc:2    | Found Fiyses's Jewellery Boutique.
 24953 | Orc:2    | Killed Sonja
 25386 | Orc:2    | Found Ifeinkam's Book Emporium.
 26048 | Orc:2    | Found a roughly hewn altar of Beogh.
 26144 | Orc:2    | Found Vocuiq's Assorted Antiques.
 26144 | Orc:2    | Found Bizeoc's Gadget Boutique.
 26275 | Orc:1    | Noticed an orc warlord
 26420 | Orc:2    | Bought a meat ration for 50 gold pieces
 26420 | Orc:2    | Bought a meat ration for 50 gold pieces
 26420 | Orc:2    | Bought a bread ration for 50 gold pieces
 26420 | Orc:2    | Bought a royal jelly for 20 gold pieces
 26420 | Orc:2    | Bought a royal jelly for 20 gold pieces
 26420 | Orc:2    | Bought a fruit for 15 gold pieces
 26420 | Orc:2    | Bought a meat ration for 50 gold pieces
 26420 | Orc:2    | Bought a meat ration for 50 gold pieces
 26420 | Orc:2    | Bought a royal jelly for 20 gold pieces
 26420 | Orc:2    | Bought a bread ration for 50 gold pieces
 26420 | Orc:2    | Bought a meat ration for 50 gold pieces
 26420 | Orc:2    | Bought a meat ration for 50 gold pieces
 26420 | Orc:2    | Bought a meat ration for 50 gold pieces
 26998 | Orc:2    | Gained mutation: Potions are less effective at restoring your health. [potion of mutation]
 26998 | Orc:2    | Gained mutation: You are frail. (-10% HP) [potion of mutation]
 26998 | Orc:2    | Gained mutation: You are weak. (Str -2) [potion of mutation]
 26998 | Orc:2    | Gained mutation: You are partially covered in iridescent scales. (AC +2) [potion of mutation]
 27117 | Orc:1    | Noticed an orc warlord
 27167 | Orc:1    | Slain by an orc knight

Skill      XL: |  1  2  3  4  5  6  7  8  9 10 11 12 13 |
---------------+----------------------------------------+-----
Stealth        | 6 7 8 9 11 13 14 15 16 | 16.8
Short Blades   | 4 5 7 8 9 10 | 10.3
Fighting       | 3 4 5 6 7 8 9 |  9.4
Dodging        | 2 3 4 5 7 8 9 |  9.2
Evocations     | 1 2 3 5 6 |  6.3
Shields        | 3 5 7 9 |  9.6
Throwing       | 3 |  3.0

Action                   |  1- 3 |  4- 6 |  7- 9 | 10-12 | 13-15 || total
-------------------------+-------+-------+-------+-------+-------++-------
Melee: Dagger            |    52 |   114 |   307 |   768 |   696 ||  1937
       Constrict         |     9 |    34 |    41 |    79 |    87 ||   250
       Tentacles         |     9 |    23 |    56 |   192 |   188 ||   468
 Fire: Blowgun           |       |    10 |     1 |     5 |     5 ||    21
Invok: Call Merchant     |       |       |       |     3 |     1 ||     4
 Abil: Evoke Berserk Rag |       |     1 |     1 |     7 |    10 ||    19
Evoke: Wand              |       |       |     2 |    28 |    31 ||    61
       Phial of floods   |       |       |       |     2 |     1 ||     3
  Use: Scroll            |       |     4 |    10 |    11 |     4 ||    29
       Potion            |       |     2 |     3 |     5 |    13 ||    23
 Stab: Sleeping          |    12 |     6 |    26 |    28 |     5 ||    77
       Distracted        |     1 |       |     6 |     6 |     8 ||    21
       Fleeing           |       |       |     1 |       |       ||     1
  Eat: Chunk             |     1 |     8 |       |     1 |       ||    10
       Bread ration      |       |     1 |     2 |     4 |       ||     7
       Fruit             |       |       |     1 |     6 |     3 ||    10
       Meat ration       |       |       |     3 |     2 |     4 ||     9
       Royal jelly       |       |       |       |     2 |     2 ||     4
Armor: Skin              |     9 |     2 |     6 |    26 |    34 ||    77
Dodge: Dodged            |    32 |    78 |   120 |   409 |   203 ||   842
Block: Buckler           |       |       |       |    98 |       ||    98
       Shield            |       |       |       |    56 |   199 ||   255
       Reflection        |       |       |       |     2 |     6 ||     8
